[Event "Titled Tuesday Blitz May 03 Early 2022"]
[White "Antonio, Jorge Carlos"]
[Black "Araujo Filho, Luiz Antonio Coel"]
[WhiteFideId "113190"]
[BlackFideId "2130661"]
[WhiteElo "2247"]
[BlackElo "2299"]
[Result "1/2-1/2"]
[Round "08"]
[TimeControl "180+1"]
[Date "2022.05.03"]
[WhiteClock "0:00:01"]
[BlackClock "0:00:05"]

1. e4 c6 2. d4 d5 3. exd5 cxd5 4. c4 Nf6 5. Nc3 Nc6 6. Nf3 e6 7. Bg5 Be7 8. c5 Ne4 9. Bxe7 Qxe7 10. Bb5 Nxc3 11. bxc3 O-O 12. Bxc6 bxc6 13. O-O f6 14. Re1 Qc7 15. Qe2 a5 16. Rab1 Re8 17. Qb2 e5 18. Qb6 Qxb6 19. Rxb6 e4 20. Nd2 Bd7 21. g3 Rac8 22. h4 Kf7 23. Nf1 f5 24. Ne3 Rb8 25. Reb1 Rxb6 26. Rxb6 h6 27. Kf1 g5 28. hxg5 hxg5 29. Rb7 Re7 30. Ng2 Kf6 31. Ke2 f4 32. Kd2 e3+ 33. Nxe3 fxe3+ 34. fxe3 Be8 35. Rb8 Kf5 36. Kd3 Kg4 37. c4 dxc4+ 38. Kxc4 Kxg3 39. Kd3 Kf3 40. Ra8 Rxe3+ 41. Kc4 Ra3 42. Rxe8 Rxa2 43. d5 cxd5+ 44. Kxd5 g4 45. c6 Rc2 46. Rf8+ Ke3 47. Rg8 Kf3 48. Rf8+ Kg2 49. Kd6 g3 50. c7 a4 51. Rf5 Rxc7 52. Kxc7 Kh1 53. Ra5 g2 54. Rh5+ Kg1 55. Ra5 Kf1 56. Rf5+ Ke2 57. Rg5 Kf2 58. Rf5+ Ke3 59. Rg5 Kf3 60. Rf5+ Kg4 61. Rf8 Kg3 62. Rg8+ Kf3 63. Kb6 Kf2 64. Kb5 g1=Q 65. Rxg1 Kxg1 66. Kxa4 1/2-1/2


[Site "https://www.chess.com"]

[Event "Titled Tuesday Blitz May 03 Early 2022"]
[White "Aradhya, Garg"]
[Black "Taboas Rodriguez, Daniel"]
[WhiteFideId "25006746"]
[BlackFideId "2208466"]
[WhiteElo "2169"]
[BlackElo "2429"]
[Result "0-1"]
[Round "08"]
[TimeControl "180+1"]
[Date "2022.05.03"]
[WhiteClock "0:00:07"]
[BlackClock "0:00:38"]

1. d4 Nf6 2. Nf3 g6 3. Bg5 Bg7 4. c3 O-O 5. Nbd2 b6 6. e4 Bb7 7. Bd3 c5 8. O-O d6 9. Qe2 Nc6 10. d5 Ne5 11. Nxe5 dxe5 12. Nc4 Ne8 13. h4 Nd6 14. h5 f6 15. Be3 Qd7 16. h6 Bh8 17. g4 Bc8 18. f3 Rf7 19. b4 cxb4 20. cxb4 Nb5 21. Nxb6 axb6 22. Bxb5 Qd6 23. a4 f5 24. gxf5 gxf5 25. Qg2+ Kf8 26. Kf2 f4 27. Rg1 fxe3+ 28. Ke2 Qg6 29. Qh2 Qf6 30. Rg3 Ba6 31. Bxa6 Rxa6 32. Rag1 Ke8 33. Rg8+ Rf8 34. Qh3 Ra8 35. Rxf8+ Kxf8 36. Qg4 Qf7 37. a5 bxa5 38. bxa5 Bf6 39. a6 Qg6 40. Qxg6 hxg6 41. Rxg6 Kf7 42. Rg2 Rxa6 43. Kxe3 Ra8 44. Rc2 Rh8 45. Rc7 Bg5+ 46. Kf2 Kf6 47. Rc6+ Kf7 48. d6 exd6 49. Rxd6 Rxh6 50. Rd7+ Ke6 51. Rb7 Rh2+ 52. Kg1 Ra2 53. Rb6+ Kf7 54. Rb7+ Kg6 55. Rb5 Bf4 56. Kf1 Kg5 57. Rb8 Kh4 58. Rg8 Kh3 59. Ke1 Bg3+ 60. Kd1 Kg2 61. Rf8 Bf4 62. Rc8 Kxf3 63. Rc4 Ke3 64. Rb4 Kd3 65. Rb3+ Kxe4 66. Ke1 Be3 67. Kd1 Kf3 68. Rb8 Rd2+ 69. Ke1 Rc2 70. Rf8+ Bf4 71. Rxf4+ exf4 72. Kd1 Re2 73. Kc1 Ke3 74. Kb1 f3 75. Kc1 f2 76. Kd1 f1=Q# 0-1


[Site "https://www.chess.com"]

[Event "Titled Tuesday Blitz May 03 Early 2022"]
[White "Bach, Ngoc Thuy Duong"]
[Black "Vokarev, Sergey"]
[WhiteFideId "12408956"]
[BlackFideId "4119711"]
[WhiteElo "1862"]
[BlackElo "2343"]
[Result "0-1"]
[Round "08"]
[TimeControl "180+1"]
[Date "2022.05.03"]
[WhiteClock "0:00:04"]
[BlackClock "0:00:21"]

1. d4 d5 2. c4 dxc4 3. e3 e5 4. d5 c6 5. Bxc4 Nf6 6. Nc3 Bb4 7. Bd2 O-O 8. dxc6 Nxc6 9. Nge2 e4 10. Qc2 Ne5 11. Nxe4 Bxd2+ 12. Nxd2 Bg4 13. f3 Rc8 14. Qb3 Nxc4 15. Nxc4 Be6 16. Rc1 Qc7 17. Qb4 a5 18. Qxa5 Bxc4 19. Qxc7 Rxc7 20. b3 Ra8 21. Rc2 Nd5 22. Rxc4 Rxc4 23. bxc4 Nxe3 24. Kf2 Nxc4 25. Rc1 Ne5 26. Rc7 g6 27. Rxb7 Rxa2 28. h3 h5 29. Ke3 Nc4+ 30. Kf2 h4 31. Rb4 Rc2 32. Ke1 Ne3 33. Kf2 Nf5 34. Re4 Kg7 35. Ke1 g5 36. Kd1 Ra2 37. Ke1 Kg6 38. Re5 f6 39. Re4 Nd6 40. Re6 Nc4 41. Re4 Ne5 42. f4 Nd3+ 43. Kf1 Ra1+ 44. Nc1 Rxc1+ 45. Ke2 Nxf4+ 46. Kf3 Rc3+ 47. Kf2 Rc2+ 48. Kf3 Nxg2 0-1


[Site "https://www.chess.com"]

[Event "Titled Tuesday Blitz May 03 Early 2022"]
[White "Bacrot, Etienne"]
[Black "Andreikin, Dmitry"]
[WhiteFideId "605506"]
[BlackFideId "4158814"]
[WhiteElo "2673"]
[BlackElo "2736"]
[Result "0-1"]
[Round "08"]
[TimeControl "180+1"]
[Date "2022.05.03"]
[WhiteClock "0:00:30"]
[BlackClock "0:01:23"]

1. e4 c5 2. Nf3 e6 3. b3 b6 4. Bb2 Bb7 5. Qe2 Nf6 6. e5 Nd5 7. g3 Nb4 8. Na3 N8c6 9. c3 Nd5 10. Bg2 d6 11. c4 Ndb4 12. exd6 Qxd6 13. O-O Qd3 14. Qe1 O-O-O 15. Bc3 Be7 16. Bxg7 Rhg8 17. Bc3 Nd4 18. Ne5 Qf5 19. Bxd4 Bxg2 20. Kxg2 Rxd4 21. Nf3 Nd3 22. Qe5 Nxe5 0-1


[Site "https://www.chess.com"]

[Event "Titled Tuesday Blitz May 03 Early 2022"]
[White "Balabayeva, Xeniya"]
[Black "Cramling Bellon, Anna"]
[WhiteFideId "13719688"]
[BlackFideId "32009232"]
[WhiteElo "1941"]
[BlackElo "1905"]
[Result "0-1"]
[Round "08"]
[TimeControl "180+1"]
[Date "2022.05.03"]
[WhiteClock "0:00:01"]
[BlackClock "0:00:02"]

1. e4 c5 2. Nf3 e6 3. g3 Nc6 4. Bg2 d5 5. exd5 exd5 6. O-O Nf6 7. d4 Be7 8. dxc5 Be6 9. Re1 O-O 10. Be3 Ng4 11. Bd4 Rc8 12. c3 a5 13. a3 b6 14. cxb6 Nxd4 15. Nxd4 Qxb6 16. Qe2 Bc5 17. Rd1 Rfe8 18. Qd2 Bxd4 19. cxd4 Bf5 20. Nc3 Rcd8 21. Nxd5 Qb3 22. Nc3 Nf6 23. Rac1 Rb8 24. d5 Qxb2 25. Qxb2 Rxb2 26. d6 Bd7 27. Nd5 Nxd5 28. Bxd5 h6 29. Rc7 Rd8 30. Re1 Rd2 0-1


[Site "https://www.chess.com"]

[Event "Titled Tuesday Blitz May 03 Early 2022"]
[White "Bas Mas, Jose Joaquin"]
[Black "Ciorgovean, Iustin"]
[WhiteFideId "22219064"]
[BlackFideId "1242911"]
[WhiteElo "2212"]
[BlackElo "2075"]
[Result "0-1"]
[Round "08"]
[TimeControl "180+1"]
[Date "2022.05.03"]
[WhiteClock "0:01:11"]
[BlackClock "0:01:03"]

1. e4 e5 2. Nf3 Nc6 3. c3 Nf6 4. d4 Nxe4 5. d5 Ne7 6. Nxe5 Ng6 7. Nxg6 hxg6 8. Bd3 Nc5 9. Bc2 d6 10. Qe2+ Qe7 11. b4 Nd7 12. Be3 a5 13. Bd4 Nf6 14. Bxf6 gxf6 15. b5 Bg4 16. Qxe7+ Bxe7 17. f3 Bd7 18. a4 f5 19. Ra3 c6 20. c4 cxd5 21. cxd5 Rc8 22. Rc3 O-O 23. Kd2 Bf6 24. Rxc8 Rxc8 25. Bd3 Rc5 26. f4 Rxd5 27. Rc1 Rc5 28. Rxc5 dxc5 29. Na3 Be6 30. Bc4 Bb2 31. Bxe6 Bxa3 32. b6 fxe6 0-1


[Site "https://www.chess.com"]

[Event "Titled Tuesday Blitz May 03 Early 2022"]
[White "Bashirli, Saadat"]
[Black "Hoffmann, Asa"]
[WhiteFideId "13429990"]
[BlackFideId "2001470"]
[WhiteElo "1173"]
[BlackElo "2117"]
[Result "1-0"]
[Round "08"]
[TimeControl "180+1"]
[Date "2022.05.03"]
[WhiteClock "0:01:17"]
[BlackClock "0:01:22"]

1. d4 Nf6 2. Bg5 e6 3. e4 d6 4. Nc3 Be7 5. Bd3 c6 6. Nge2 d5 7. e5 Nfd7 8. Bxe7 Qxe7 9. f4 g6 10. g3 a6 11. a3 c5 12. O-O Nc6 13. dxc5 Nxc5 14. Kh1 Bd7 15. b4 Nxd3 16. cxd3 h5 17. h4 Qd8 18. Na4 Ne7 19. Nc5 Bc6 20. Nd4 Nf5 21. Nxf5 gxf5 22. d4 b6 23. Nd3 Bb5 24. Rf2 Rc8 25. Rc2 Bc4 26. Nf2 Qd7 27. Rac1 Qa4 28. Rc3 Kd7 29. Qxa4+ 1-0


[Site "https://www.chess.com"]

[Event "Titled Tuesday Blitz May 03 Early 2022"]
[White "Bellissimo, Joseph F."]
[Black "Zhu, Jiner"]
[WhiteFideId "2609843"]
[BlackFideId "8608059"]
[WhiteElo "2061"]
[BlackElo "2281"]
[Result "0-1"]
[Round "08"]
[TimeControl "180+1"]
[Date "2022.05.03"]
[WhiteClock "0:00:16"]
[BlackClock "0:00:14"]

1. e4 e5 2. Nf3 Nc6 3. Bc4 Bc5 4. c3 Nf6 5. d3 O-O 6. Bg5 h6 7. Bh4 d6 8. Nbd2 Na5 9. Bb5 a6 10. Ba4 b5 11. Bc2 Bb6 12. Nf1 Be6 13. Ng3 g6 14. d4 Kg7 15. b3 g5 16. Nxg5 hxg5 17. Bxg5 Rh8 18. h4 Qe8 19. Qf3 Ng8 20. Nh5+ Rxh5 21. Qxh5 f6 22. Qxe8 Rxe8 23. Be3 exd4 24. cxd4 Bf7 25. O-O-O d5 26. f3 Nc6 27. h5 f5 28. h6+ Kh7 29. e5 Nxe5 30. Bxf5+ Bg6 31. Bxg6+ Nxg6 32. Bg5 c6 33. Rhe1 Rxe1 34. Rxe1 Bxd4 35. Re6 Nxh6 36. g4 Nf7 37. Bd2 Nge5 38. g5 Kg7 39. f4 Nf3 40. Rxc6 a5 41. Bxa5 Be3+ 42. Kc2 Bxf4 43. Bc3+ Be5 44. Bxe5+ N7xe5 45. Rb6 Nd4+ 46. Kc3 Nec6 47. a4 bxa4 48. bxa4 Kg6 49. a5 Kxg5 50. a6 Kf4 51. Kd3 Ke5 52. Rb7 Kd6 53. a7 Nxa7 54. Rxa7 Ne6 55. Ra6+ Ke5 56. Ke3 Nc5 57. Ra5 Ne6 58. Rb5 Kd6 59. Rb6+ Ke5 60. Rb8 Kd6 61. Rh8 Ke5 62. Rh5+ Kd6 63. Rf5 Kc6 64. Re5 Kd6 65. Rh5 Nc5 66. Kd4 Ne6+ 67. Kc3 Kc5 68. Re5 Kd6 69. Rh5 Kc5 70. Rh6 Kd6 71. Rg6 Ke5 72. Kb4 Nf4 73. Rg5+ Ke4 74. Kc3 Ne6 75. Rg4+ Ke5 76. Rh4 Kd6 77. Kb3 Kc5 78. Kc3 Kd6 79. Kd3 Ke5 80. Rh5+ Kd6 81. Rh4 Kc6 82. Kc3 Kc5 83. Kc2 Nd4+ 84. Kd1 Ne6 85. Rh6 Kd6 86. Rh5 Kc5 87. Re5 Kd6 88. Rf5 Nc5 89. Rh5 Ne6 90. Kd2 Nc5 91. Rh6+ Ne6 92. Ke3 Ke5 93. Rh5+ Kd6 94. Rf5 Kc6 95. Kd3 Kd6 96. Kc3 Kc5 97. Kb3 Nd4+ 98. Kc3 Nxf5 99. Kd2 d4 100. Kd1 Kd5 101. Kc2 Ke4 102. Kd2 d3 103. Kd1 Ke3 104. Kc1 d2+ 105. Kb1 Nh4 106. Kb2 Ke2 107. Ka2 d1=Q 108. Kb2 Kd3 109. Ka2 Qd2+ 110. Ka1 Kc4 111. Kb1 Kb3 112. Ka1 Qd1# 0-1


[Site "https://www.chess.com"]

[Event "Titled Tuesday Blitz May 03 Early 2022"]
[White "Bendayan Claros, Aaron"]
[Black "Samadov, Read"]
[WhiteFideId "3803392"]
[BlackFideId "13417444"]
[WhiteElo "2132"]
[BlackElo "2084"]
[Result "0-1"]
[Round "08"]
[TimeControl "180+1"]
[Date "2022.05.03"]
[WhiteClock "0:00:06"]
[BlackClock "0:00:13"]

1. d4 Nf6 2. Bg5 d5 3. e3 e6 4. Nd2 c5 5. c3 Nc6 6. Bd3 h6 7. Bh4 Be7 8. f4 Qb6 9. Rb1 cxd4 10. exd4 Qc7 11. Qf3 b6 12. Bxf6 Bxf6 13. Qe3 g5 14. f5 e5 15. dxe5 Nxe5 16. Ngf3 O-O 17. Nxe5 Bxe5 18. Nf3 Bf4 19. Qd4 Re8+ 20. Kf1 g4 21. g3 Re3 22. Nh4 Bg5 23. Be2 Bb7 24. Bxg4 Re4 25. Qd1 d4 26. Bf3 dxc3 27. bxc3 Qxc3 28. Kg2 Rae8 29. Bxe4 Bxe4+ 30. Kh3 Bxh4 31. Kxh4 Qf6+ 32. Kh3 Bxf5+ 33. g4 Re3+ 34. Kg2 Be4+ 35. Kg1 Rd3 36. Qf1 Qd4+ 37. Qf2 Rd1+ 38. Rxd1 Qxd1+ 39. Qf1 Qxf1+ 40. Kxf1 Bxh1 41. Kf2 Bd5 42. Kg3 Bxa2 43. Kf4 Be6 44. h4 b5 0-1


[Site "https://www.chess.com"]

[Event "Titled Tuesday Blitz May 03 Early 2022"]
[White "Bintang, Rasyid A. Hidayat"]
[Black "Yurovskykh, Oleksandr"]
[WhiteFideId "7105355"]
[BlackFideId "14134020"]
[WhiteElo "2432"]
[BlackElo "2292"]
[Result "0-1"]
[Round "08"]
[TimeControl "180+1"]
[Date "2022.05.03"]
[WhiteClock "0:00:15"]
[BlackClock "0:01:01"]

1. d4 d5 2. Bf4 c5 3. e3 Nc6 4. Nf3 Bg4 5. Nbd2 e6 6. Bb5 Qb6 7. c4 a6 8. Qa4 Bxf3 9. Nxf3 Rc8 10. Bxc6+ Qxc6 11. Qxc6+ bxc6 12. cxd5 cxd5 13. dxc5 Bxc5 14. O-O Nf6 15. Rfc1 Ke7 16. Rc2 Bd6 17. Bxd6+ Kxd6 18. Rac1 Rxc2 19. Rxc2 Ne4 20. Kf1 e5 21. Ke2 Rb8 22. Nd2 Nc5 23. a3 a5 24. Nb1 d4 25. exd4 exd4 26. Rd2 d3+ 27. Ke3 Kd5 28. Nc3+ Kc4 29. f3 Re8+ 30. Kf2 Nb3 31. Rd1 d2 32. Ne4 Kd3 33. Ng5 Kc2 0-1


[Site "https://www.chess.com"]

[Event "Titled Tuesday Blitz May 03 Early 2022"]
[White "Bok, Benjamin"]
[Black "Shimanov, Aleksandr"]
[WhiteFideId "1017063"]
[BlackFideId "4198603"]
[WhiteElo "2658"]
[BlackElo "2636"]
[Result "0-1"]
[Round "08"]
[TimeControl "180+1"]
[Date "2022.05.03"]
[WhiteClock "0:00:01"]
[BlackClock "0:00:05"]

1. d4 Nf6 2. c4 e6 3. Nc3 d5 4. cxd5 Nxd5 5. e4 Nxc3 6. bxc3 c5 7. Rb1 Be7 8. Nf3 O-O 9. h4 Nc6 10. h5 h6 11. Bb5 cxd4 12. cxd4 Bd7 13. O-O Rc8 14. Bf4 a6 15. Be2 b5 16. a4 bxa4 17. Bxa6 Ra8 18. Bb7 Ra7 19. d5 Na5 20. d6 Bg5 21. Bxg5 hxg5 22. Qd4 Rxb7 23. Rxb7 Nxb7 24. Rb1 Bc6 25. Ne5 Qxd6 26. Qxd6 Nxd6 27. Nxc6 Nxe4 28. Rb4 Nf6 29. Rxa4 Nxh5 30. Ne7+ Kh7 31. Ra3 g6 32. Ra5 g4 33. g3 Rb8 34. Nc6 Rb7 35. Ne5 Nf6 36. Ra4 Kg7 37. Nxg4 Nd5 38. Ne3 Nxe3 39. fxe3 Rb2 40. Kf1 Kf6 41. Rf4+ Ke7 42. Rf3 g5 43. g4 f6 44. Rh3 Kd6 45. Rh6 Ke5 46. Rg6 Ra2 47. Rh6 Rc2 48. Rg6 Rh2 49. Rg8 Rh4 0-1


[Site "https://www.chess.com"]

[Event "Titled Tuesday Blitz May 03 Early 2022"]
[White "Bommini, Mounika Akshaya"]
[Black "Toncheva, Nadya"]
[WhiteFideId "25019872"]
[BlackFideId "2924056"]
[WhiteElo "1671"]
[BlackElo "1884"]
[Result "0-1"]
[Round "08"]
[TimeControl "180+1"]
[Date "2022.05.03"]
[WhiteClock "0:01:54"]
[BlackClock "0:01:54"]

1. d4 d5 2. Bf4 Nf6 3. e3 c5 4. c3 Nc6 5. Nd2 Bf5 6. Qb3 Qb6 7. dxc5 Qxb3 8. Nxb3 e5 9. Bg3 Ne4 10. Nf3 f6 11. Rd1 O-O-O 12. Bb5 Nxc5 13. O-O a6 14. Bxc6 bxc6 15. Na5 Kc7 16. Nd4 Bd7 17. Ndb3 Ne4 0-1


[Site "https://www.chess.com"]

[Event "Titled Tuesday Blitz May 03 Early 2022"]
[White "Bortnyk, Olexandr"]
[Black "Eynullayev, Atilla"]
[WhiteFideId "14120828"]
[BlackFideId "13413570"]
[WhiteElo "2723"]
[BlackElo "1936"]
[Result "1-0"]
[Round "08"]
[TimeControl "180+1"]
[Date "2022.05.03"]
[WhiteClock "0:02:11"]
[BlackClock "0:00:38"]

1. d4 Nf6 2. Nc3 d5 3. Bf4 e6 4. Nb5 Na6 5. e3 Be7 6. Nf3 c6 7. Nc3 Nc7 8. Ne5 O-O 9. Bd3 Nce8 10. Qf3 Nd6 11. g4 Qb6 12. O-O-O Qa5 13. Kb1 c5 14. g5 Nd7 15. Qh5 g6 16. Nxg6 fxg6 17. Bxg6 hxg6 18. Qxg6+ Kh8 19. Qh6+ Kg8 20. Qxe6+ Nf7 21. g6 Ne5 22. gxf7+ Rxf7 23. Rdg1+ Kf8 24. Bh6+ Ke8 25. Rg8+ Rf8 26. Rxf8# 1-0


[Site "https://www.chess.com"]

[Event "Titled Tuesday Blitz May 03 Early 2022"]
[White "Buscar, Michael"]
[Black "Aaditya Dhingra"]
[WhiteFideId "2603616"]
[BlackFideId "25678191"]
[WhiteElo "2010"]
[BlackElo "1849"]
[Result "1-0"]
[Round "08"]
[TimeControl "180+1"]
[Date "2022.05.03"]
[WhiteClock "0:00:16"]
[BlackClock "0:00:12"]

1. d4 Nf6 2. Nf3 c5 3. d5 e6 4. c4 exd5 5. cxd5 d6 6. g3 g6 7. Bg2 Bg7 8. Nc3 O-O 9. O-O Re8 10. Nd2 a6 11. a4 Nbd7 12. Nc4 Ne5 13. Nxe5 Rxe5 14. Bf4 Re8 15. a5 Bf5 16. Na4 Nh5 17. Bd2 Nf6 18. Nb6 Rb8 19. Bc3 Qe7 20. Re1 Ne4 21. Bxg7 Kxg7 22. Ra3 Nf6 23. f3 Nd7 24. Rb3 Nxb6 25. Rxb6 Qe3+ 26. Kf1 c4 27. Rxd6 Qc5 28. Rb6 Re3 29. d6 Rd8 30. Qd2 Kg8 31. Rd1 Rd7 32. Qd4 Re5 33. e4 Be6 34. f4 Qxd4 35. Rxd4 Rxa5 36. e5 Rb5 37. Rxb5 axb5 38. Bd5 Kf8 39. Ke2 Ke8 40. Kd2 Kd8 41. Kc3 f6 42. Bxe6 1-0


[Site "https://www.chess.com"]

[Event "Titled Tuesday Blitz May 03 Early 2022"]
[White "Chuemsakul, Sarocha"]
[Black "Van den Dikkenberg, Erik"]
[WhiteFideId "6203710"]
[BlackFideId "1005880"]
[WhiteElo "1703"]
[BlackElo "2118"]
[Result "1-0"]
[Round "08"]
[TimeControl "180+1"]
[Date "2022.05.03"]
[WhiteClock "0:00:09"]
[BlackClock "0:00:02"]

1. d4 Nf6 2. c4 g6 3. Nc3 Bg7 4. e4 d6 5. f3 c6 6. Be3 a6 7. Qd2 b5 8. g4 Qa5 9. Bd3 Nbd7 10. Nge2 c5 11. h4 bxc4 12. Bxc4 Nb6 13. Bd3 h5 14. g5 Nfd7 15. f4 O-O 16. f5 cxd4 17. Bxd4 Bxd4 18. Nxd4 Ne5 19. O-O-O Bb7 20. Nb3 Qb4 21. Qe2 Rac8 22. Kb1 a5 23. Bb5 a4 24. Rd4 Nbc4 25. Bxc4 Rxc4 26. Rxc4 Nxc4 27. Nc1 Bc6 28. Nd3 Qb6 29. Ka1 Rb8 30. Rb1 Na5 31. fxg6 Nb3+ 32. axb3 axb3 33. Rf1 Qa5+ 34. Kb1 Ra8 35. Kc1 Qa1+ 36. Kd2 Qa5 37. gxf7+ Kf8 38. g6 1-0


[Site "https://www.chess.com"]

[Event "Titled Tuesday Blitz May 03 Early 2022"]
[White "Clawitter, Craig"]
[Black "Quirke, Jeffrey"]
[WhiteFideId "2023105"]
[BlackFideId "2013029"]
[WhiteElo "2279"]
[BlackElo "2079"]
[Result "1-0"]
[Round "08"]
[TimeControl "180+1"]
[Date "2022.05.03"]
[WhiteClock "0:00:16"]
[BlackClock "0:00:01"]

1. e4 c5 2. Nf3 e6 3. d4 cxd4 4. Nxd4 a6 5. Bd3 Bc5 6. Nb3 Ba7 7. Nc3 Nc6 8. Qe2 d6 9. Be3 Bxe3 10. Qxe3 Nf6 11. O-O-O b5 12. f4 b4 13. Na4 e5 14. fxe5 Nxe5 15. Nb6 Rb8 16. Nxc8 Qxc8 17. Qg3 O-O 18. Kb1 a5 19. Nd4 g6 20. Nf5 Qc7 21. Rhf1 Nh5 22. Qh4 f6 23. Ne3 a4 24. Nd5 Qd8 25. g4 b3 26. gxh5 bxa2+ 27. Ka1 Qa5 28. hxg6 1-0


[Site "https://www.chess.com"]

[Event "Titled Tuesday Blitz May 03 Early 2022"]
[White "Coto Mederos, Michel"]
[Black "Yuan, Qingyu"]
[WhiteFideId "3508528"]
[BlackFideId "8609772"]
[WhiteElo "2427"]
[BlackElo "2359"]
[Result "0-1"]
[Round "08"]
[TimeControl "180+1"]
[Date "2022.05.03"]
[WhiteClock "0:00:04"]
[BlackClock "0:00:11"]

1. c4 e6 2. Nc3 d5 3. e3 Nf6 4. Nf3 Nbd7 5. b3 Bd6 6. Bb2 O-O 7. Qc2 a6 8. d4 b6 9. Bd3 Bb7 10. cxd5 exd5 11. O-O Re8 12. Ne2 Ne4 13. Ng3 Qf6 14. Nd2 Qh4 15. Nf3 Qf6 16. Nd2 Qe6 17. Rac1 Ndf6 18. Rfe1 Ng4 19. Ndxe4 dxe4 20. Bc4 Qh6 21. h3 Bxg3 22. fxg3 Nxe3 23. Bxf7+ Kxf7 24. Qf2+ Kg8 25. Qxe3 Qxe3+ 26. Rxe3 Re7 27. g4 Bd5 28. Ba3 Rd7 29. Bb2 Rf8 30. Rf1 Rxf1+ 31. Kxf1 Kf7 32. Ke2 Ke6 33. Ke1 Bc6 34. Re2 g6 35. Kd2 Rf7 36. Ke1 Kd5 37. Rf2 Re7 38. Ba3 Re6 39. Bb2 e3 40. Rf8 Ke4 41. a4 Kd3 42. Rd8 Be4 43. d5 Rd6 44. Rxd6 cxd6 45. Ba3 Bxd5 46. Bxd6 Bxb3 47. Bc7 b5 48. axb5 axb5 49. Bd6 Bd5 50. Bc5 Bxg2 51. h4 Bf3 52. g5 e2 53. Be7 Kc3 54. Bf6+ Kc2 55. Be7 Bg4 56. Bd6 Kc3 57. Be5+ Kc4 58. Kd2 b4 59. Bf6 Kb3 60. Be7 Kc4 61. Bf6 b3 62. Be5 Kd5 63. Bg7 Ke4 64. Bf6 Kf3 65. Ke1 Ke3 66. Be5 Kd3 67. Bf6 Bh5 68. Bg7 Kc2 69. Bf6 Kc1 70. Bc3 Kc2 71. Bd4 b2 72. Bxb2 Kxb2 73. Kd2 Kb3 0-1


[Site "https://www.chess.com"]

[Event "Titled Tuesday Blitz May 03 Early 2022"]
[White "Cunjalo, Faris"]
[Black "Oganian, Miran"]
[WhiteFideId "14410710"]
[BlackFideId "4122488"]
[WhiteElo "2263"]
[BlackElo "2357"]
[Result "0-1"]
[Round "08"]
[TimeControl "180+1"]
[Date "2022.05.03"]
[WhiteClock "0:00:25"]
[BlackClock "0:00:26"]

1. Nf3 d5 2. g3 g6 3. Bg2 Bg7 4. d4 Nf6 5. O-O O-O 6. c4 dxc4 7. Na3 c3 8. bxc3 c5 9. e3 Nc6 10. Bb2 Bf5 11. Nc4 Rc8 12. Qe2 cxd4 13. cxd4 Nb4 14. Nfe5 Nd7 15. Rfc1 Nxe5 16. Nxe5 Rxc1+ 17. Rxc1 Nxa2 18. Ra1 Bxe5 19. Rxa2 Bb8 20. Bxb7 Qc7 21. Bg2 Rc8 22. Ba3 Qc3 23. Bc5 Bd6 24. Bxd6 Qc1+ 25. Bf1 exd6 26. Qb2 Bh3 27. Qe2 Qb1 28. Rb2 Bxf1 29. Qd2 Qc1 30. h4 Qxd2 31. Rxd2 Bc4 32. Rb2 a5 33. Rb6 Ra8 34. Rxd6 a4 0-1


[Site "https://www.chess.com"]

[Event "Titled Tuesday Blitz May 03 Early 2022"]
[White "Dauner, Benedikt"]
[Black "Seo, Jung Min"]
[WhiteFideId "16225899"]
[BlackFideId "1734687"]
[WhiteElo "2230"]
[BlackElo "2401"]
[Result "1-0"]
[Round "08"]
[TimeControl "180+1"]
[Date "2022.05.03"]
[WhiteClock "0:01:22"]
[BlackClock "0:01:36"]

1. b3 e5 2. Bb2 Nc6 3. e3 a6 4. Nf3 d6 5. d4 Qe7 6. Nc3 Nf6 7. Bc4 h6 8. Nd5 Nxd5 9. Bxd5 exd4 10. Nxd4 Ne5 11. Qe2 c6 12. Bf3 g6 13. g3 Nxf3+ 14. Nxf3 Rg8 15. O-O-O Bg4 16. h3 Be6 17. Nd4 Bd7 18. Qf3 O-O-O 19. Kb1 Bg7 20. Rd2 h5 21. g4 hxg4 22. hxg4 Rh8 23. Rhd1 d5 24. Nxc6 Bxc6 25. Bxg7 d4 26. Qf6 1-0


[Site "https://www.chess.com"]

[Event "Titled Tuesday Blitz May 03 Early 2022"]
[White "De Souza, Cristiano Gomes"]
[Black "Borgaonkar Akshay"]
[WhiteFideId "2151758"]
[BlackFideId "25639110"]
[WhiteElo "2068"]
[BlackElo "1624"]
[Result "0-1"]
[Round "08"]
[TimeControl "180+1"]
[Date "2022.05.03"]
[WhiteClock "0:00:22"]
[BlackClock "0:00:28"]

1. d4 Nf6 2. c4 e6 3. Nf3 d5 4. Nc3 c6 5. Bg5 Be7 6. e3 O-O 7. Rc1 Nbd7 8. Bd3 h6 9. Bh4 a6 10. O-O dxc4 11. Bxc4 b5 12. Bd3 Bb7 13. Bxf6 Nxf6 14. Ne4 Rc8 15. Ne5 c5 16. Nxc5 Bxc5 17. dxc5 Qd5 18. c6 Ba8 19. Nf3 Bxc6 20. b3 Rfd8 21. Be2 Qf5 22. Qe1 e5 23. Qa5 Bb7 24. Rfd1 Rxd1+ 25. Rxd1 Qc2 26. Qd2 Qxd2 27. Rxd2 Rc1+ 28. Rd1 Rxd1+ 29. Bxd1 Nd7 30. Kf1 f6 31. Nd2 Kf7 32. Bf3 Bxf3 33. Nxf3 Ke6 34. Ke2 Kd5 35. Nd2 Nc5 36. f3 f5 37. g3 g6 38. h3 a5 39. a3 a4 40. bxa4 bxa4 41. Kf2 Nd3+ 42. Ke2 Nb2 43. h4 h5 44. e4+ Kd4 45. exf5 gxf5 46. g4 fxg4 47. fxg4 hxg4 48. h5 Nd3 49. h6 Nf4+ 50. Kf2 Ng6 51. Kg3 e4 52. Kxg4 e3 53. Nf3+ Kd3 54. Kf5 Nf8 55. Kf6 e2 56. Kf7 Nh7 57. Kg7 Ng5 58. Nxg5 e1=Q 59. h7 Qe5+ 60. Kh6 Qf6+ 61. Kh5 Kc2 62. Ne4 Qe5+ 63. Kh6 Qxe4 64. h8=Q Qh4+ 65. Kg7 Qxh8+ 66. Kxh8 Kb3 67. Kg7 Kxa3 68. Kf6 Kb2 0-1


[Site "https://www.chess.com"]

[Event "Titled Tuesday Blitz May 03 Early 2022"]
[White "Delorme, Alban"]
[Black "Matveeva, Olga"]
[WhiteFideId "623636"]
[BlackFideId "24107018"]
[WhiteElo "2197"]
[BlackElo "2083"]
[Result "1-0"]
[Round "08"]
[TimeControl "180+1"]
[Date "2022.05.03"]
[WhiteClock "0:00:57"]
[BlackClock "0:00:17"]

1. d4 Nf6 2. Nf3 e6 3. g3 d5 4. Bg2 Be7 5. O-O O-O 6. c4 dxc4 7. Qc2 a6 8. a4 Bd7 9. Qxc4 Bc6 10. Bg5 a5 11. Nc3 Na6 12. Rfd1 Nb4 13. Bxf6 Bxf6 14. e4 g6 15. d5 exd5 16. exd5 Bd7 17. h4 h5 18. Rd2 Bg4 19. Ne4 Bg7 20. Nfg5 Qd7 21. Nc5 Qc8 22. Qf4 c6 23. dxc6 bxc6 24. Re1 Nd5 25. Bxd5 cxd5 26. Rxd5 Bxb2 27. Re7 Qc6 28. Qc4 Bf6 29. Rxf7 Rxf7 30. Nxf7 Re8 31. Rd8 Kh7 32. Ng5+ Bxg5 33. Qf7+ Kh6 34. hxg5+ Kxg5 35. Qf4# 1-0


[Site "https://www.chess.com"]

[Event "Titled Tuesday Blitz May 03 Early 2022"]
[White "Demchenko, Anton"]
[Black "Deac, Bogdan-Daniel"]
[WhiteFideId "4160258"]
[BlackFideId "1226380"]
[WhiteElo "2539"]
[BlackElo "2648"]
[Result "1/2-1/2"]
[Round "08"]
[TimeControl "180+1"]
[Date "2022.05.03"]
[WhiteClock "0:00:07"]
[BlackClock "0:00:03"]

1. e4 e5 2. Nf3 Nf6 3. Nxe5 d6 4. Nf3 Nxe4 5. Nc3 Nf6 6. d4 g6 7. h3 Bg7 8. Qe2+ Qe7 9. Qxe7+ Kxe7 10. Bg5 Re8 11. O-O-O Kf8 12. Bd3 a6 13. Rhe1 Nc6 14. a3 Bd7 15. Bxf6 Bxf6 16. Nd5 Bd8 17. c3 Na7 18. Rxe8+ Bxe8 19. Re1 Bd7 20. Kc2 c6 21. Ne3 Be7 22. h4 Re8 23. h5 Bf6 24. Rh1 b5 25. hxg6 hxg6 26. Nd2 Nc8 27. Ne4 Be7 28. a4 Nb6 29. a5 Na8 30. b4 Nc7 31. Rh8+ Kg7 32. Rxe8 Bxe8 33. f4 f5 34. Nd2 c5 35. Nf3 cxb4 36. cxb4 Bf7 37. g3 Bf6 38. Kc3 Kf8 39. Be2 Be6 40. Bd3 Ke7 41. Be2 Kd7 42. Bf1 Nd5+ 43. Nxd5 Bxd5 44. Ng5 Bxg5 45. fxg5 Be4 46. Kd2 d5 47. Ke3 Kd6 48. Kf4 Bc2 49. Be2 Bb1 50. g4 Be4 51. gxf5 Bxf5 52. Bf3 Be6 53. Bd1 Bf5 54. Be2 Bd7 55. Bd3 Be8 56. Bc2 Bf7 57. Bd3 Be8 58. Be2 Bd7 59. Bf3 Bf5 60. Bh5 Ke6 61. Be2 Kd6 62. Bf1 Bd7 63. Bd3 Be8 1/2-1/2


[Site "https://www.chess.com"]